 Dungeon Crawl Stone Soup version 0.31.0-11-ge490571c62 (webtiles) character file.

Game seed: 4773527531090989458

82 Skitler the Ducker (level 4, 0/38 HPs)
             Began as a Gnoll Gladiator on Jan 28, 2024.
             Succumbed to Crazy Yiuf's poison
             ... on level 3 of the Dungeon.
             The game lasted 00:07:32 (2390 turns).

Skitler the Ducker (Gnoll Gladiator)                Turns: 2390, Time: 00:07:32

Health: 0/38       AC:  8    Str: 14    XL:     4   Next: 43%
Magic:  14/14      EV: 14    Int:  7    God:
Gold:   99         SH:  0    Dex: 15    Spells: 5/5 levels left

rFire   + . .        i - +1 dagger (venom)
rCold   + . .        (no shield)
rNeg    . . .        b - +0 leather armour
rPois   +            c - +0 helmet
rElec   +            w - +2 cloak
rCorr   +            n - +0 pair of gloves
SInv    +            (no boots)
Will    .....        t - amulet of magic regeneration
Stlth   ++           h - ring of magical power
HPRegen 0.26/turn    v - ring of see invisible
MPRegen 0.54/turn

%: no passive effects
@: lethally poisoned (0 -> -2), resistant
A: fangs 1, strong nose, distributed training
a: no special abilities


You were on level 3 of the Dungeon.
You visited 1 branch of the dungeon, and saw 3 of its levels.

You collected 99 gold pieces.

Inventory:

Hand Weapons
 a - a +0 trident
 i - a +1 dagger of venom (weapon)
 o - a +3 dagger
Missiles
 d - 2 throwing nets (quivered)
 e - a javelin
Armour
 b - a +0 leather armour (worn)
 c - a +0 helmet (worn)
 n - a +0 pair of gloves (worn)
 w - a +2 cloak (worn)
Jewellery
 h - a ring of magical power (left hand)
 q - an amulet of the acrobat
 t - an amulet of magic regeneration (around neck)
 v - a ring of see invisible (right hand)
Talismans
 f - a maw talisman
Wands
 j - a wand of light (6)
Scrolls
 l - a scroll of vulnerability
 p - a scroll of silence {unknown}
 u - a scroll of fog {unknown}
Potions
 g - a potion of lignification {unknown}
 k - a potion of enlightenment {unknown}
 m - 2 potions of curing {unknown}
 r - 2 potions of heal wounds {unknown}
 s - a potion of brilliance {unknown}


   Skills:
 + Level 4.6 Fighting
 + Level 1.2 Short Blades
 + Level 1.2 Long Blades
 + Level 1.2 Axes
 + Level 1.2 Maces & Flails
 + Level 6.6 Polearms
 + Level 1.2 Staves
 + Level 1.2 Ranged Weapons
 + Level 4.6 Throwing
 + Level 1.2 Armour
 + Level 6.6 Dodging
 + Level 1.2 Stealth
 + Level 1.2 Shields
 + Level 1.2 Unarmed Combat
 + Level 1.2 Spellcasting
 + Level 1.0 Conjurations
 + Level 1.0 Hexes
 + Level 1.0 Summonings
 + Level 1.0 Necromancy
 + Level 1.0 Translocations
 + Level 1.0 Fire Magic
 + Level 1.0 Ice Magic
 + Level 1.0 Air Magic
 + Level 1.0 Earth Magic
 + Level 1.0 Alchemy
 + Level 1.3 Invocations
 + Level 1.2 Evocations
 + Level 1.1 Shapeshifting


You had 5 spell levels left.
You didn't know any spells.
Your spell library contained the following spells:

 Spells                   Type           Power      Damage    Failure   Level
 Magic Dart               Conj           4%         1d3       34%         1
 Sting                    Conj/Alch      4%         1d3       34%         1
 Blink                    Tloc           2%         N/A       45%         2
 Call Imp                 Summ           2%         N/A       45%         2
 Lesser Beckoning         Tloc           2%         N/A       45%         2
 Mercury Vapours          Alch/Air       2%         N/A       45%         2
 Momentum Strike          Conj/Tloc      2%         3d8       45%         2
 Fugue of the Fallen      Necr           1%         N/A       71%         3
 Ozocubu's Armour         Ice            1%         N/A       71%         3
 Manifold Assault         Tloc           1%         N/A       98%         4
 Olgreb's Toxic Radiance  Alch           1%         N/A       98%         4


Dungeon Overview and Level Annotations

Branches:
Dungeon (3/15)

Altars:

Annotations:
D:3 Crazy Yiuf


Innate Abilities, Weirdness & Mutations

You have very sharp teeth.
Your uncanny sense of smell can sniff out nearby items.
Your experience applies equally to all skills.


Message History

A goblin comes into view. It is wielding a +0 dagger.
Okay, then.
The helpless goblin fails to defend itself.
You puncture the goblin!
You kill the goblin!
Key pressed, stopping explore.
Found a hammer.
Found a runed translucent door.
Crazy Yiuf shouts!
Key pressed, stopping explore.
You open the door. You hit Crazy Yiuf.
Crazy Yiuf is poisoned.
Your bite misses Crazy Yiuf.
Crazy Yiuf is lightly wounded.
Crazy Yiuf hits you with a +4 quarterstaff of chaos!
You hit Crazy Yiuf.
Crazy Yiuf looks even sicker.
Crazy Yiuf is lightly wounded.
Crazy Yiuf barely misses you.
You closely miss Crazy Yiuf.
Crazy Yiuf is moderately wounded.
Crazy Yiuf hits you with a +4 quarterstaff of chaos.
Crazy Yiuf freezes you. Crazy Yiuf attacks as he pursues you!
Crazy Yiuf hits you with a +4 quarterstaff of chaos.
You are poisoned.
You feel sick.
You feel sick.
Crazy Yiuf grits, "Cholesterol!"
You feel sick.
You feel sick. Crazy Yiuf attacks as he pursues you!
Crazy Yiuf hits you with a +4 quarterstaff of chaos!
* * * LOW HITPOINT WARNING * * *
You feel protected.
Unknown command.
Okay, then.
Throw: 3 throwing nets
Press: ? - help, Q - select action, (/) - cycle Shift-Dir - straight line, f - Crazy Yiuf
Aim: Crazy Yiuf, wielding a +4 quarterstaff of chaos and wearing a +0 cloak (severely wounded, very poisoned, 64% to hit)
You throw a throwing net. The throwing net hits Crazy Yiuf.
Crazy Yiuf is caught in the net!
Crazy Yiuf is severely wounded.
You die...

...[.........# #.#####.###
............## ####.........#
............#####............#
.............................#
...##.(............##........#
....[....#####..#####........#
####.....# #....# ######.###
.#......## #....# #..#
....##..## ##..@# #.##
.........# ##g## ######.#
.###.....# ##.# #..)##.#
........## #.## #...##.#
.........# ##.# #......#
.........# #.## #....###
.####...## #'# #.....##
###....## ... #......#
....#### #...# #...#..#####


You could see Crazy Yiuf (caught, very poisoned).

Vanquished Creatures
  An orc wizard (D:3)
  An adder (D:2)
  A dart slug (D:3)
  3 orcs
  5 endoplasms
  A giant cockroach (D:1)
  5 goblins
  4 hobgoblins
  8 jackals
  2 bats (D:2)
  6 frilled lizards (D:1)
  2 kobolds
  A rat (D:2)
40 creatures vanquished.

Notes
Turn   | Place    | Note
-------+----------+-------------------------------------------
     0 | D:1      | Skitler the Gnoll Gladiator began the quest for the Orb.
     0 | D:1      | Reached XP level 1. HP: 20/20 MP: 1/1
   296 | D:1      | Reached XP level 2. HP: 24/26 MP: 2/2
  1184 | D:2      | Reached XP level 3. HP: 16/31 MP: 4/4
  1467 | D:2      | Reached skill level 1 in Invocations
  1920 | D:3      | Reached skill level 1 in Short Blades
  1920 | D:3      | Reached skill level 1 in Long Blades
  1920 | D:3      | Reached skill level 1 in Axes
  1920 | D:3      | Reached skill level 1 in Maces & Flails
  1920 | D:3      | Reached skill level 1 in Staves
  1920 | D:3      | Reached skill level 1 in Ranged Weapons
  1920 | D:3      | Reached skill level 1 in Armour
  1920 | D:3      | Reached skill level 1 in Stealth
  1920 | D:3      | Reached skill level 1 in Shields
  1920 | D:3      | Reached skill level 1 in Unarmed Combat
  1920 | D:3      | Reached skill level 1 in Spellcasting
  1920 | D:3      | Reached skill level 1 in Evocations
  2042 | D:3      | Reached skill level 1 in Shapeshifting
  2042 | D:3      | Reached XP level 4. HP: 13/38 MP: 5/5
  2249 | D:3      | Reached skill level 1 in Conjurations
  2249 | D:3      | Reached skill level 1 in Hexes
  2249 | D:3      | Reached skill level 1 in Summonings
  2249 | D:3      | Reached skill level 1 in Necromancy
  2249 | D:3      | Reached skill level 1 in Translocations
  2249 | D:3      | Reached skill level 1 in Fire Magic
  2249 | D:3      | Reached skill level 1 in Ice Magic
  2249 | D:3      | Reached skill level 1 in Air Magic
  2249 | D:3      | Reached skill level 1 in Earth Magic
  2249 | D:3      | Reached skill level 1 in Alchemy
  2331 | D:3      | Found a runed translucent door.
  2332 | D:3      | Noticed Crazy Yiuf
  2389 | D:3      | HP: 1/38 [Crazy Yiuf/+4 quarterstaff of chaos (11)]
  2390 | D:3      | Succumbed to Crazy Yiuf's poison

Illustrated notes

Levels and vault maps discovered:
D:1:      nicolae_arrival_memento_mori, layout_loops_cross, minmay_lizard_pond
D:2:      layout_loops_corners
D:3:      layout_rooms, uniq_crazy_yiuf_cottage

Skill      XL: |  1  2  3  4 |
---------------+-------------+-----
Invocations    | 1 |  1.3
Short Blades   | 1 |  1.2
Long Blades    | 1 |  1.2
Axes           | 1 |  1.2
Maces & Flails | 1 |  1.2
Staves         | 1 |  1.2
Ranged Weapons | 1 |  1.2
Armour         | 1 |  1.2
Stealth        | 1 |  1.2
Shields        | 1 |  1.2
Unarmed Combat | 1 |  1.2
Spellcasting   | 1 |  1.2
Evocations     | 1 |  1.2
Shapeshifting  | 1 |  1.1
Conjurations   | 1 |  1.0
Hexes          | 1 |  1.0
Summonings     | 1 |  1.0
Necromancy     | 1 |  1.0
Translocations | 1 |  1.0
Fire Magic     | 1 |  1.0
Ice Magic      | 1 |  1.0
Air Magic      | 1 |  1.0
Earth Magic    | 1 |  1.0
Alchemy        | 1 |  1.0
Fighting       | |  4.6
Polearms       | |  6.6
Throwing       | |  4.6
Dodging        | |  6.6

Action                     |  1- 3 |  4- 6 || total
---------------------------+-------+-------++-------
  Melee: Trident           |    64 |       ||    64
         Bite              |    14 |     1 ||    15
         Dagger            |    47 |    13 ||    60
         Punch             |     2 |       ||     2
  Throw: Throwing net      |     2 |     1 ||     3
    Use: Scroll            |     5 |       ||     5
   Stab: Sleeping          |     5 |     1 ||     6
 Armour: Leather armour    |    56 |     6 ||    62
  Dodge: Dodged            |    98 |     3 ||   101
         Form:             |     1 |       ||     1
         Maw               |     1 |       ||     1
